 Dungeon Crawl Stone Soup version 0.29-a0-565-g7a16c6de65 (webtiles) character file.

Game seed: 15602599339285810595

2181 Lekart the Slasher (level 9, -5/75 HPs)
             Began as a Black Draconian Chaos Knight on June 12, 2022.
             Was a Plaything of Xom.
             Killed from afar by a rime drake (shapeshifter) (18 damage)
             ... with a flash freeze
             ... on level 8 of the Dungeon.
             The game lasted 00:11:54 (7547 turns).

Lekart the Slasher (Black Draconian Chaos Knight)   Turns: 7547, Time: 00:11:54

Health: -5/75      AC: 16    Str: 16 (19) XL:     9   Next: 11%
Magic:  0/14       EV: 14    Int:  9 (12) God:    Xom [.....*]
Gold:   525        SH:  8    Dex: 14      Spells: 12/14 levels left

rFire   + . .      SeeInvis .   a - +1 falchion (chaos)
rCold   . . .      Faith    .   (no shield)
rNeg    . . .      Spirit   +   (body armour unavailable)
rPois   .          Reflect  .   l - +2 hat
rElec   +          Harm     .   (no cloak)
rCorr   .          Rampage  .   q - +2 pair of gloves {Str+3}
Will    .....                   (no boots)
Stlth   +.........              n - brooch of Shielding {Spirit SH+8}
HPRegen 0.22/turn               f - ring of protection from fire
MPRegen 0.14/turn               o - +4 ring of protection

@: wereblooded
A: breathe lightning, AC +7, unfitting armour, electricity resistance,
cold-blooded, claws 1, stinger 2, wild magic 1, MP-powered wands
a: Breathe Lightning, Renounce Religion


You were on level 8 of the Dungeon.
You worshipped Xom.
You were Xom's teddy bear.
You visited 1 branch of the dungeon, and saw 8 of its levels.

You collected 558 gold pieces.
You spent 33 gold pieces at shops.

Inventory:

Hand Weapons
 a - a +1 falchion of chaos (weapon)
Missiles
 i - 9 poisoned darts (quivered)
Armour
 l - a +2 hat (worn)
 q - a +2 pair of gloves of strength (worn)
Jewellery
 f - a ring of protection from fire (left hand)
 n - the brooch of Shielding (around neck) {Spirit SH+8}
   (You acquired it on level 5 of the Dungeon)

   [amulet of guardian spirit]

   It causes incoming damage to be divided between your reserves of health and
   magic.
   SH:        It affects your SH (+8).
 o - a +4 ring of protection (right hand)
 w - a ring of fire
Wands
 p - a wand of flame (10)
 r - a wand of charming (6)
 v - a wand of iceblast (6)
Scrolls
 d - 7 scrolls of teleportation
 j - 3 scrolls of silence
 m - a scroll of fear
 z - a scroll of enchant armour
Potions
 c - a potion of heal wounds
 e - 5 potions of invisibility
 h - a potion of mutation
 k - 2 potions of curing
 s - a potion of degeneration
 t - a potion of ambrosia
 A - a potion of brilliance
Miscellaneous
 b - a piece from Xom's chessboard (15/15)


   Skills:
 + Level 5.7 Fighting
 + Level 7.8 Long Blades
 + Level 2.3 Throwing
 + Level 5.0 Dodging
 + Level 1.9 Shields
 * Level 3.4 Spellcasting
 * Level 3.8 Transmutations
 + Level 1.3 Evocations


You had 12 spell levels left.
You knew the following spells:

 Your Spells              Type           Power      Damage    Failure   Level
a - Wereblood             Tmut           10%        N/A       13%         2

Your spell library contained the following spells:

 Spells                   Type           Power      Damage    Failure   Level
 Shock                    Conj/Air       4%         1d3       36%         1
 Blink                    Tloc           2%         N/A       50%         2
 Sublimation of Blood     Necr           1%         N/A       50%         2
 Ignite Poison            Fire/Tmut/Pois 4%         N/A       54%         3
 Conjure Flame            Conj/Fire      1%         6-21      73%         3
 Lesser Beckoning         Tloc           1%         N/A       73%         3
 Swiftness                Air            1%         N/A       73%         3
 Airstrike                Air            0%         N/A       98%         4
 Sticky Flame             Conj/Fire      1%         2d3       98%         4
 Fireball                 Conj/Fire      0%         3d3       100%        5
 Manifold Assault         Tloc           1%         N/A       100%        5
 Starburst                Conj/Fire      0%         6d3       100%        6
 Summon Hydra             Summ           0%         N/A       100%        7
 Ignition                 Fire           0%         3d3       100%        8


Dungeon Overview and Level Annotations

Branches:
Dungeon (8/15)             Temple (0/1) D:5
   Lair: D:8-11

Altars:
Dithmenos
Elyvilon
Fedhas
Hepliaklqana
Kikubaaqudgha
Makhleb
Xom
Beogh

Shops:
D:6 ?


Innate Abilities, Weirdness & Mutations

You can breathe wild blasts of lightning.
Your glossy black scales are hard. (AC +7)
You cannot fit into any form of body armour.
You are resistant to electric shocks. (rElec)
You are cold-blooded and may be slowed by cold attacks.
You have sharp fingernails.
Your tail ends in a sharp venomous barb.
Your spells are a little harder to cast, but a little more powerful.
You expend magic power (3 MP) to strengthen your wands.


Message History

Aim: a rime drake shaped shifter (lightly wounded, ally target) Attack!
You have got your breath back.
The rime drake bites you.
* * * LOW HITPOINT WARNING * * *
The orc hits you but does no damage.
You completely miss the orc. The ice encasing you melts away.
The rime drake barely misses you. The orc barely misses you.
You block the rime drake's attack. The orc hits you but does no damage.
Your cactus giant hits the rime drake with a +0 giant spiked club!
The rime drake bites you.
* * * LOW HITPOINT WARNING * * *
The rime drake breathes ice at you. The flash freeze hits you.
* * * LOW HITPOINT WARNING * * *
You are encased in ice.
The orc barely misses you. The rime drake bites you.
* * * LOW HITPOINT WARNING * * *
You block the orc's attack.
Unknown command.
You hit the orc. You burn the orc.
You feel a bit better.
You kill the orc!
The rime drake bites you but does no damage.
Your cactus giant barely misses the rime drake.
You hit the rime drake. You burn the rime drake.
The rime drake is heavily wounded.
You block the rime drake's attack.
Unknown command.
You closely miss the rime drake.
The rime drake is heavily wounded.
The rime drake bites you but does no damage.
Okay, then.
You hit the rime drake.
The rime drake is poisoned.
The rime drake is severely wounded.
The ice encasing you melts away. The rime drake breathes ice at you.
The flash freeze hits you!!
You die...

####### ###.....# #. :.......
##### #.###..... #...#
...[..... #...#
#....##†########...#
#.........))..##...#
#.)........k@.##...#
..........C)..''...#
....).....†........#
..............§....#
........####._..##.##########
...).........§...............
##......#####.####..#####+###
######.# .........#........
#.# #.........#........


You could see a rime drake shaped shifter (very poisoned, catching breath, ally
target) and a friendly cactus giant (summoned).

Vanquished Creatures
  A vampire (D:8)
  A sky beast (D:7)
  2 orc warriors
  An ice beast (D:5)
  2 black bears (D:5)
  An ogre (D:6)
  A centaur (D:6)
  A phantom (D:7)
  A kobold brigand (D:7)
  2 bullfrogs
  2 scorpions
  2 necrophages
  3 killer bees (D:8)
  A howler monkey (D:6)
  A jelly (D:4)
  An orc priest (D:8)
  2 iguanas
  5 orc wizards
  A gnoll (D:1)
  15 adders
  A river rat (D:5)
  A shadow imp (D:7)
  3 white imps
  A worm (D:2)
  A dart slug (D:5)
  36 orcs
  5 bats
  A bat zombie (D:6)
  6 endoplasms
  3 giant cockroaches
  5 goblins
  2 hobgoblins
  18 jackals
  10 kobolds
  4 quokkas
  5 ball pythons
  3 frilled lizards
  4 rats
  3 rat zombies (D:6)
158 creatures vanquished.

Vanquished Creatures (collateral kills)
  An orc priest (D:5)
  An orc wizard (D:5)
  A shadow imp (D:7)
  An orc (D:5)
  A kobold (D:3)
5 creatures vanquished.

Vanquished Creatures (others)
  15 fungi (D:8)
  15 plants (D:8)
30 creatures vanquished.

Grand Total: 193 creatures vanquished

Notes
Turn   | Place    | Note
-------+----------+-------------------------------------------
     0 | D:1      | Lekart the Draconian Chaos Knight began the quest for the
                  | Orb.
     0 | D:1      | Reached XP level 1. HP: 19/19 MP: 1/1
    47 | D:1      | Reached XP level 2. HP: 8/26 MP: 2/2
   509 | D:1      | Reached XP level 3. HP: 33/33 MP: 3/3
   573 | D:1      | XOM: confuse monster(s)
   923 | D:1      | XOM: silly message
  1114 | D:2      | XOM: 1-stop teleportation journey
  1311 | D:2      | Reached skill level 4 in Long Blades
  1342 | D:2      | Reached XP level 4. HP: 32/40 MP: 4/4
  1381 | D:2      | XOM: god gift: scale mail {god gift}
  2037 | D:2      | XOM: cast spell 'Death Channel'
  2056 | D:3      | XOM: give mutations
  2056 | D:3      | Gained mutation: You have sharp fingernails. [Xom's grace]
  2056 | D:3      | Gained mutation: You are resistant to electric shocks.
                  | (rElec) [Xom's grace]
  2056 | D:3      | Gained mutation: Your tail ends in a venomous barb. [Xom's
                  | grace]
  2310 | D:3      | XOM: scenery: summon butterflies
  2444 | D:3      | Reached XP level 5. HP: 35/47 MP: 5/5
  3404 | D:4      | Reached skill level 1 in Throwing
  3599 | D:4      | XOM: potion effect (invisibility)
  3706 | D:4      | XOM: scenery: 1 doors open
  3711 | D:4      | Reached XP level 6. HP: 53/53 MP: 6/6
  3809 | D:4      | XOM: scenery: create altars
  3854 | D:4      | XOM: give mutation
  3854 | D:4      | Gained mutation: You expend magic power (3 MP) to
                  | strengthen your wands. [Xom's grace]
  4242 | D:5      | Entered Level 5 of the Dungeon
  4251 | D:5      | XOM: scenery: 1 doors open
  4259 | D:5      | Reached skill level 5 in Long Blades
  4325 | D:5      | XOM: give mutation
  4325 | D:5      | Gained mutation: Your tail ends in a sharp venomous barb.
                  | [Xom's grace]
  4372 | D:5      | Found a burning altar of Makhleb.
  4376 | D:5      | Found a hazy altar of Hepliaklqana.
  4623 | D:5      | Learned a level 2 spell: Wereblood
  4710 | D:5      | Found a runed translucent door.
  4908 | D:5      | Your scales start taking on a glossy black colour.
  4908 | D:5      | Reached XP level 7. HP: 41/60 MP: 7/7
  4908 | D:5      | Mutation became permanent: You are resistant to electric
                  | shocks. (rElec) [Black Draconian growth]
  4908 | D:5      | Gained mutation: You are resistant to electric shocks.
                  | (rElec) [Black Draconian growth]
  4963 | D:5      | XOM: god gift: +0 pair of gloves of strength
  5057 | D:5      | Reached skill level 5 in Fighting
  5057 | D:5      | Reached skill level 1 in Spellcasting
  5057 | D:5      | Reached skill level 1 in Transmutations
  5077 | D:5      | Found a staircase to the Ecumenical Temple.
  5244 | D:5      | XOM: scenery: 1 doors close
  5286 | D:5      | XOM: confuse monster(s)
  5290 | D:5      | Reached skill level 6 in Long Blades
  5304 | D:5      | XOM: smoke on damage
  5355 | D:5      | XOM: cloud trail
  5541 | D:5      | Identified a scroll of acquirement
  5541 | D:5      | Acquired the brooch of Shielding {Spirit SH+8}
  5541 | D:5      | Found the brooch of Shielding {Spirit SH+8}
  5576 | D:6      | Found a white marble altar of Elyvilon.
  5596 | D:6      | XOM: scenery: 2 doors close
  5617 | D:6      | Found Feusam's Magic Scroll Shop.
  5621 | D:6      | XOM: scenery: 1 doors open, 1 doors close
  5628 | D:6      | Reached XP level 8. HP: 56/68 MP: 4/10
  5629 | D:6      | Bought a scroll of teleportation for 33 gold pieces
  5728 | D:6      | Found a blossoming altar of Fedhas.
  5864 | D:6      | XOM: scenery: 1 doors close
  5905 | D:6      | Reached skill level 1 in Evocations
  5919 | D:6      | XOM: scenery: 1 doors close
  6021 | D:6      | XOM: god gift: wand of iceblast (6)
  6093 | D:6      | XOM: enchant monster (good)
  6156 | D:6      | XOM: scenery: create altars
  6267 | D:6      | XOM: give mutation
  6267 | D:6      | Gained mutation: Your spells are a little harder to cast,
                  | but a little more powerful. [Xom's grace]
  6359 | D:6      | Found an ancient bone altar of Kikubaaqudgha.
  6588 | D:7      | Reached skill level 7 in Long Blades
  6603 | D:7      | XOM: scenery: 2 doors open
  6705 | D:7      | XOM: cast spell 'Summon Hydra'
  6760 | D:7      | XOM: enchant monster (bad)
  6774 | D:7      | Reached skill level 1 in Shields
  7409 | D:8      | Found a shadowy altar of Dithmenos.
  7424 | D:8      | Reached skill level 5 in Dodging
  7442 | D:8      | Reached XP level 9. HP: 61/75 MP: 10/13
  7489 | D:8      | XOM: confusion (+ monsters)
  7506 | D:8      | XOM: polymorph something unseen -> hound
  7530 | D:8      | Noticed a rime drake
  7530 | D:8      | a shapeshifter changed into a rime drake
  7534 | D:8      | XOM: fake destruction
  7536 | D:8      | XOM: cast spell 'Summon Cactus Giant'
  7547 | D:8      | Killed from afar by a rime drake (shapeshifter)

Illustrated notes

Levels and vault maps discovered:
D:1:      amcnicky_arrival_underground_garden, layout_basic, serial_curves,
          eino_curves_02, eino_curves_03, eino_curves_04, eino_curves_02,
          dreamdust_princess_bridge
D:2:      layout_basic
D:3:      layout_basic, minmay_distorted
D:4:      layout_basic, roderic_roman_lattice
D:5:      layout_basic, grunt_temple_overflow_open,
          minmay_temple_entry_junction, lightli_church_of_beogh
D:6:      layout_gridville, lemuel_zombie_altar_kikubaaqudgha,
          fedhas_bush_and_centaur_altar, mainiacjoe_overflow_24_doors,
          serial_shops, shop, serial_bayou_pond_a, kennysheep_generic_room_12
D:7:      layout_loops_corners, chequers_mini_garden, grunt_ministairs_8
D:8:      layout_basic, grunt_dithmenos_smoke, minitemple,
          grunt_lair_entry_orc_guard_hut, dreamdust_princess_corridor,
          chequers_serial_rivers_marsh, interstate_on_off, nzn_life_drinkers,
          uniq_pikel

Skill      XL: |  1  2  3  4  5  6  7  8 |
---------------+-------------------------+-----
Fighting       | 4 5 |  5.7
Long Blades    | 4 5 6 7 |  7.8
Dodging        | 3 4 5 |  5.0
Throwing       | 1 2 |  2.3
Spellcasting   | 1 3 |  3.4
Transmutations | 2 3 |  3.8
Evocations     | 1 |  1.3
Shields        | 1 |  1.9

Action                   |  1- 3 |  4- 6 |  7- 9 || total
-------------------------+-------+-------+-------++-------
Melee: Falchion          |   101 |   204 |   221 ||   526
       Tailslap          |     8 |    17 |    25 ||    50
       Punch             |     1 |     1 |     1 ||     3
Throw: Dart              |       |    35 |    14 ||    49
 Cast: Wereblood         |       |       |     5 ||     5
 Abil: Breathe Lightning |       |       |     9 ||     9
Evoke: Piece from Xom's  |       |     1 |       ||     1
       Wand              |       |       |     9 ||     9
  Use: Scroll            |       |    14 |     5 ||    19
       Potion            |       |     3 |     6 ||     9
 Stab: Sleeping          |     2 |     1 |       ||     3
       Paralysed         |       |     1 |     8 ||     9
       Invisible         |       |     1 |       ||     1
       Confused          |       |       |     1 ||     1
Armor: Skin              |    39 |   105 |   104 ||   248
Dodge: Dodged            |    87 |   155 |   157 ||   399
Block: Other             |       |       |    86 ||    86

Table legend: (Time is in decaauts)
 A = Elapsed time spent in this place.
 B = Non-inter-level travel time spent in this place.
 C = Inter-level travel time spent in this place.
 D = Time resting spent in this place.
 E = Time spent auto-exploring this place.
 F = Levels seen in this place.
 G = Mean time per level.
                   A        B        C        D        E       F      G
               +--------+--------+--------+--------+--------+-----+--------+
         Total |   7572 |   7370 |    202 |    712 |   5390 |   8 |  946.5 |
       Dungeon |   7572 |   7370 |    202 |    712 |   5390 |   8 |  946.5 |
               +--------+--------+--------+--------+--------+-----+--------+

Top non-repeatable levels by time:
     D:5: 1328 daAuts
     D:3: 1149 daAuts
     D:4: 1065 daAuts
     D:1: 1028 daAuts
     D:2: 1024 daAuts
     D:6: 929 daAuts
     D:7: 886 daAuts
     D:8: 159 daAuts
